Map: [ESL] Hecate

Players

ByuN - Winner!

  • Race: Terran Terran
  • Spawn Location: 1:00

DKZherO (herO)

  • Race: Protoss Protoss
  • League: Grandmaster
  • Spawn Location: 7:00

VOD

Have the link to the VOD?

Description

Time

  • Played on: Nov. 28, 2023, 8:39 a.m.
  • Length: 9:16
Show
View Real Time Build Order
Export as new Build Order

ByuN Terran - Winner!

Build Orders: 1/1/1, Liberator Opening 

Get SALT Encoding   

  12  0:00  SCV  
  13  0:12  SCV  
  14  0:17  Supply Depot  
  14  0:24  SCV  
  14  0:27  Refinery  
  15  0:40  Barracks  
  15  0:45  SCV  
  16  0:57  SCV  
  16  1:02  Engineering Bay  
  17  1:09  SCV  
  18  1:21  SCV  
  19  1:29  Marine  
  19  1:32  Factory  
  20  1:34  Orbital Command  
  20  1:48  Supply Depot  
  20  1:49  Barracks Reactor  
  19  2:00  SCV  
  20  2:12  SCV  
  21  2:23  Supply Depot  
  21  2:24  SCV  
  21  2:25  Marine  
  21  2:26  Marine  
  21  2:27  Hellion  
  21  2:28  Starport  
  26  2:36  SCV  
  27  2:38  Refinery  
  27  2:43  Marine x2  
  29  2:48  Hellion  
  30  2:56  SCV  
  31  3:01  Marine x2  
  33  3:07  Supply Depot  
  33  3:10  Hellion  
  33  3:11  Medivac  
  37  3:19  Marine x2  
  39  3:29  Supply Depot  
  39  3:43  Cyclone x2  
  39  3:46  Marine  
  39  3:47  Liberator  
  47  3:52  Supply Depot  
  47  4:07  Marine  
  44  4:23  Cyclone x2  
  47  4:25  Marine  
  46  4:41  Liberator  
  46  4:43  Marine  
  46  5:00  Cyclone x2  
  46  5:01  Marine  
  51  5:07  Supply Depot  
  51  5:19  Marine  
  52  5:32  Cyclone x2  
  56  5:36  Marine  
  56  5:38  Starport Tech Lab  
  56  5:42  Supply Depot  
  57  5:54  Marine  
  58  5:57  Cloaking Field  
  58  6:09  Banshee  
  61  6:12  Marine  
  61  6:15  Command Center  
  61  6:18  SCV  
  53  6:34  SCV  
  52  6:41  Marine x2  
  52  6:42  Factory Tech Lab  
  52  6:46  Supply Depot  
  52  6:47  SCV  
  55  6:52  Banshee  
  55  6:53  Engineering Bay  
  58  6:59  SCV  
  58  7:06  Marine  
  58  7:07  Siege Tank, Marine  
  63  7:11  SCV  
  64  7:23  SCV  
  64  7:24  Marine x2  
  58  7:32  Orbital Command  
  58  7:34  Banshee  
  54  7:43  Siege Tank  
  58  7:45  Marine  
  58  7:46  Marine  
  59  7:59  Missile Turret  
  59  8:00  Orbital Command  
  59  8:03  Marine  
  59  8:04  Marine  
  61  8:15  Siege Tank  
  62  8:20  Marine  
  62  8:25  Marine  
  58  8:36  SCV x2  
  58  8:38  Marine  
  61  8:47  Missile Turret  
  61  8:50  Bunker  
  61  8:53  SCV  
  64  8:55  SCV  
Show
View Real Time Build Order
Export as new Build Order

DKZherO Protoss 

Build Orders: 1 Gate Expand, Blink Stalkers 

Get SALT Encoding   

  12  0:00  Probe  
  13  0:12  Probe  
  14  0:18  Pylon  
  14  0:24  Probe (Chrono Boost)  
  15  0:37  Gateway, Probe (Chrono Boost)  
  16  0:44  Probe (Chrono Boost)  
  16  0:46  Assimilator  
  17  0:51  Probe  
  18  1:03  Probe  
  19  1:26  Cybernetics Core  
  19  1:38  Nexus  
  19  1:41  Probe  
  20  1:49  Assimilator  
  20  1:53  Pylon  
  19  1:56  Probe  
  19  2:00  Adept (Chrono Boost)  
  20  2:08  Probe  
  23  2:15  Warp Gate  
  23  2:20  Adept (Chrono Boost), Probe  
  26  2:32  Probe  
  27  2:42  Stalker  
  29  2:44  Probe  
  29  2:49  Twilight Council  
  29  2:50  Probe (Chrono Boost)  
  32  3:02  Probe x2 (Chrono Boost)  
  33  3:08  Probe (Chrono Boost)  
  33  3:10  Gateway, Probe (Chrono Boost)  
  35  3:16  Stalker  
  35  3:17  Probe  
  38  3:21  Probe  
  38  3:24  Blink (Chrono Boost)  
  39  3:33  Shield Battery  
  39  3:38  Shield Battery  
  39  3:41  Pylon  
  39  3:45  Probe x2  
  41  3:56  Robotics Facility  
  41  3:57  Probe  
  42  4:04  Stalker  
  42  4:09  Stalker  
  44  4:15  Probe x2  
  36  4:27  Stalker  
  36  4:28  Probe x2  
  32  4:34  Stalker  
  31  4:40  Probe x2  
  33  4:50  Stalker  
  39  5:01  Stalker  
  37  5:07  Gateway  
  37  5:09  Gateway  
  37  5:10  Shield Battery  
  37  5:11  Pylon  
  37  5:17  Stalker  
  39  5:28  Zealot  
  41  5:33  Cybernetics Core  
  39  5:50  Dark Shrine  
  39  5:55  Pylon  
  39  5:58  Pylon  
  39  6:09  Stalker x2  
  43  6:16  Gateway  
  43  6:31  Stalker x2  
  45  6:52  Stalker  
  47  6:56  Pylon  
  47  6:58  Pylon  
  47  7:10  Robotics Facility  
  47  7:15  Stalker  
  49  7:17  Stalker  
  51  7:29  Dark Templar  
  46  7:47  Sentry  
  46  7:49  Probe  
  46  7:50  Nexus  
  50  7:59  Stalker  
  50  8:00  Observer  
  50  8:02  Probe  
  51  8:07  Dark Templar  
  53  8:14  Probe  
  53  8:17  Stalker  
  39  8:38  Stalker  
  39  8:40  Stalker  
  42  8:43  Stalker  
Tags
 
Add a new tag
Caveats
  • Supply blocks, unpowered buildings, or Contaminate may cause inaccurate times.
  • Supply counts are checked every 10 seconds.